 Dungeon Crawl Stone Soup version 0.22-a0-355-g201945fe43 (webtiles) character file.

214 kaq the Sneak (level 5, 0/27 HPs)
             Began as a Spriggan Assassin on Apr 18, 2018.
             Slain by a worm (8 damage)
             ... on level 4 of the Dungeon.
             The game lasted 00:10:49 (3969 turns).

kaq the Sneak (Spriggan Assassin)                   Turns: 3969, Time: 00:10:50

Health: 0/27       AC:  3    Str:  6 (8)  XL:     5   Next: 60%
Magic:  6/6        EV: 19    Int:  9 (12) God:
Gold:   120        SH:  0    Dex: 18      Spells: 4/4 levels left

rFire    . . .     SeeInvis +   a - +2 dagger
rCold    . . .     Gourm    .   (shield restricted)
rNeg     . . .     Faith    .   c - +0 robe
rPois    +         Spirit   .   (helmet restricted)
rElec    .         Reflect  .   d - +0 cloak
rCorr    .         Harm     .   (gloves unavailable)
MR       .....                  (boots unavailable)
Stlth    ++++......             (no amulet)
HPRegen  0.09/turn              l - ring of poison resistance
MPRegen  0.10/turn              (no ring)

@: very quick
A: very small, unfitting armour, see invisible, herbivore, speed 3, slow
metabolism 2
a: no special abilities


You were on level 4 of the Dungeon.
You were not hungry.

You visited 1 branch of the dungeon, and saw 4 of its levels.

You collected 120 gold pieces.

Inventory:

Hand Weapons
 a - a +2 dagger (weapon)
 b - a +0 blowgun
Missiles
 e - 8 poisoned needles
 f - 2 curare-tipped needles
 h - 10 needles of sleeping
Armour
 c - a +0 robe (worn)
 d - a +0 cloak (worn)
Jewellery
 l - a ring of poison resistance (left hand)
 p - an uncursed amulet of harm {unknown}
Wands
 u - a wand of scattershot (2)
Scrolls
 m - 6 scrolls of identify
 q - a scroll of amnesia {unknown}
 s - a scroll of teleportation
Potions
 g - a potion of brilliance {unknown}
 i - a potion of resistance
 j - a potion of lignification
 k - a potion of curing
 n - 2 potions of berserk rage {unknown}
 o - a potion of might {unknown}
 r - 2 potions of ambrosia {unknown}
Comestibles
 t - a ration


   Skills:
 + Level 2.5 Fighting
 * Level 4.4 Short Blades
 - Level 2.0 Throwing
 + Level 3.8 Dodging
 + Level 7.0 Stealth


You had 4 spell levels left.
You didn't know any spells.

Dungeon Overview and Level Annotations

Branches:
Dungeon (4/15)
 Temple: D:4-7

Altars:
Qazlal
Uskayaw

Annotations:
D:4 Edmund


Innate Abilities, Weirdness & Mutations

You are very small and have problems with some larger weapons.
You are too small for most types of armour.
You have supernaturally acute eyesight. (SInv)
You are a herbivore.
You cover ground extremely quickly.
You need to consume almost no food.


Message History

You hit the worm.
The worm is heavily wounded.
The worm misses you.
You hit the worm.
The worm is heavily wounded.
You hit the worm.
The worm is heavily wounded.
The worm bites you.
* * * LOW HITPOINT WARNING * * *
You hit the worm.
The worm is heavily wounded.
You barely miss the worm.
The worm is heavily wounded.
The worm barely misses you.
You hit the worm but do no damage.
The worm is heavily wounded.
You hit the worm.
The worm is severely wounded.
The worm bites you!
You die...

#$.....#..#
#......##.#
#####.###.##
#.# #..# #
#.####.# .#
.#......###.#
............#
########....#
#@...#
#...w<....#
#.........#
#.........#
#.>.......#
###########


You could see a worm.

Vanquished Creatures
  A crimson imp (D:3)
  6 adders
  A gnoll (D:1)
  3 oozes
  4 worms
  5 dart slugs
  2 leopard geckos
  3 orcs (D:3)
  2 giant cockroaches (D:2)
  8 goblins
  7 hobgoblins
  12 jackals
  A ball python (D:2)
  10 bats
  3 frilled lizards
  6 kobolds
  4 rats
78 creatures vanquished.

Notes
Turn   | Place    | Note
-------+----------+-------------------------------------------
     0 | D:1      | kaq the Spriggan Assassin began the quest for the Orb.
     0 | D:1      | Reached XP level 1. HP: 10/10 MP: 2/2
    47 | D:1      | Reached skill level 6 in Stealth
   239 | D:1      | Reached XP level 2. HP: 15/15 MP: 3/3
   356 | D:1      | Reached XP level 3. HP: 9/18 MP: 4/4
  1342 | D:2      | Reached XP level 4. HP: 9/23 MP: 5/5
  3332 | D:3      | Reached XP level 5. HP: 25/27 MP: 6/6
  3771 | D:3      | Reached skill level 7 in Stealth
  3840 | D:3      | Found a stormy altar of Qazlal.
  3842 | D:3      | Found a hide-covered altar of Uskayaw.
  3934 | D:4      | Noticed Edmund
  3969 | D:4      | Slain by a worm

Vault maps used:
D:1:      erik_arrival_gehennom
D:3:      lemuel_upstairs_altar, minitemple
D:4:      kennysheep_big_flooded_room, grunt_temple_overflow_gold_and_silver,
          nicolae_overflow_crystal_walls, fedhas_altar_fruit_tree, uniq_edmund,
          uniq_crazy_yiuf_cottage

Skill      XL: |  1  2  3  4  5 |
---------------+----------------+-----
Stealth        | 6 7 |  7.0
Dodging        | 2 3 |  3.8
Short Blades   | 3 4 |  4.4
Fighting       | 2 |  2.5
Throwing       | |  2.0

Action                   |  1- 3 |  4- 6 || total
-------------------------+-------+-------++-------
Melee: Dagger            |   147 |   166 ||   313
  Use: Scroll            |       |     3 ||     3
       Potion            |       |     3 ||     3
 Stab: Sleeping          |    12 |    20 ||    32
       Distracted        |       |     3 ||     3
  Eat: Ration            |       |     1 ||     1
Armor: Robe              |    27 |     9 ||    36
Dodge: Dodged            |   134 |   103 ||   237

Table legend:
 A = Spawn XP
 B = Non-spawn XP
 C = Spawn XP percentage of total XP
 D = Spawn monster count
 E = Non-spawn monster count
 F = Spawn count percentage of total count
 G = Total turns spent on level
                    A         B        C        D         E        F      G
               +---------+---------+-------+---------+---------+-------+---------
         Total |       0 |     307 |   0.0 |       0 |      78 |   0.0 |  3969
               +---------+---------+-------+---------+---------+-------+---------
           D:1 |       0 |      96 |   0.0 |       0 |      38 |   0.0 |  1538
           D:2 |       0 |      85 |   0.0 |       0 |      18 |   0.0 |  1688
           D:3 |       0 |     121 |   0.0 |       0 |      21 |   0.0 |   708
           D:4 |       0 |       5 |   0.0 |       0 |       1 |   0.0 |    35
               +---------+---------+-------+---------+---------+-------+---------
